 Dungeon Crawl Stone Soup version 0.30.0-5-g1a98f26d00 (webtiles) character file.

Game seed: 5954430563771852422

783 croobank the Covert (level 7, 0/49 HPs)
             Began as an Octopode Delver on May 8, 2023.
             Was a Believer of Sif Muna.
             Succumbed to a scorpion's poison
             ... on level 5 of the Dungeon.
             The game lasted 00:10:17 (3778 turns).

croobank the Covert (Octopode Delver)               Turns: 3778, Time: 00:10:17

Health: 0/49       AC:  1    Str: 11    XL:     7   Next: 86%
Magic:  10/10      EV: 14    Int: 14    God:    Sif Muna [**....]
Gold:   190        SH:  0    Dex: 14    Spells: 10/10 levels left

rFire   . . .        m - +2 dagger (drain)
rCold   . . .        (no shield)
rNeg    . . .        (helmet restricted)
rPois   .            (no amulet)
rElec   .            (no ring)
rCorr   .            (no ring)
SInv    .            (no ring)
Will    .....        (no ring)
Stlth   +++++        (no ring)
HPRegen 0.28/turn    (no ring)
MPRegen 0.12/turn    (no ring)
                     (no ring)

%: no passive effects
@: lethally poisoned (0 -> -12)
A: almost no armour, amphibious, 8 rings, camouflage 1, gelatinous body 1,
(nimble swimmer 1), tentacles
a: Renounce Religion, Channel Magic


You were on level 5 of the Dungeon.
You worshipped Sif Muna.
Sif Muna was pleased with you.
You visited 1 branch of the dungeon, and saw 6 of its levels.

You collected 190 gold pieces.

Inventory:

Hand Weapons
 a - a +1 hand axe
 b - a +0 sling
 c - a +0 flail
 m - a +2 dagger of draining (weapon)
 w - a +0 trident
 x - a +0 quarterstaff
Missiles
 A - 2 poisoned darts
Wands
 f - a wand of digging (3)
 g - a wand of roots (11)
 r - a wand of polymorph (7)
 s - a wand of light (8)
Scrolls
 i - 2 scrolls of teleportation
 j - a scroll of blinking {unknown}
 t - 2 scrolls of fog
 y - a scroll of enchant armour
 z - a scroll of identify {unknown}
Potions
 e - 2 potions of haste
 k - a potion of magic
 l - 2 potions of resistance {unknown}
 n - 2 potions of curing {unknown}
 o - a potion of lignification {unknown}
 p - a potion of degeneration {unknown}
 q - a potion of mutation {unknown}
 u - a potion of heal wounds {unknown}
 v - 2 potions of flight {unknown}


   Skills:
 + Level 4.8 Fighting
 + Level 4.2 Axes
 + Level 4.0 Dodging
 + Level 8.6 Stealth
 + Level 2.1 Spellcasting
 + Level 1.5 Air Magic
 + Level 1.8 Invocations


You had 10 spell levels left.
You didn't know any spells.
Your spell library contained the following spells:

 Spells                   Type           Power      Damage    Failure   Level
 Static Discharge         Conj/Air       6%         2-3/arc   26%         2
 Cigotuvi's Dreadful Rot  Necr/Pois/Air  4%         N/A       28%         2
 Ignite Poison            Fire/Tmut/Pois 1%         N/A       56%         3
 Airstrike                Air            2%         2d(1-17)  77%         4
 Summon Lightning Spire   Summ/Air       3%         N/A       86%         4
 Freezing Cloud           Conj/Ice/Air   1%         6-21      99%         5


Dungeon Overview and Level Annotations

Branches:
Dungeon (6/15)
 Temple: D:4-7

Altars:
Sif Muna
Vehumet


Innate Abilities, Weirdness & Mutations

You cannot wear most types of armour.
You are amphibious.
You can wear up to eight rings at the same time.
Your skin changes colour to match your surroundings (Stealth+).
Your rubbery body absorbs attacks. (AC +1, EV +1)
((You are camouflaged when in or above water. (Stealth+)))
You have tentacles for arms and can constrict up to eight enemies at once.


Message History

The howler monkey is severely wounded.
You constrict the howler monkey. The scorpion stings you.
The howler monkey completely misses you.
The scorpion stings you.
You are poisoned.
The scorpion poisons you! The howler monkey hits you.
You are too injured to fight recklessly!
You are too injured to fight recklessly!
You are too injured to fight recklessly!
You release your grip on the howler monkey.
The howler monkey attacks as you move away!
The howler monkey hits you.
You feel sick.
You hit the scorpion. Your grab misses the scorpion.
The scorpion is lightly wounded.
You feel sick. The scorpion stings you.
* * * LOW HITPOINT WARNING * * *
Okay, then.
You hit the scorpion. You grab the scorpion.
The scorpion is moderately wounded.
You constrict the scorpion.
You feel sick. The scorpion stings you.
* * * LOW HITPOINT WARNING * * *
As you read the scroll of fear, it crumbles to dust.
You assume a fearsome visage.
The scorpion resists with some effort.
The iguana looks frightened!
The howler monkey looks frightened!
You constrict the scorpion.
You feel sick. The scorpion stings you.
* * * LOW HITPOINT WARNING * * *
You are lethally poisoned!
The scorpion poisons you!
It was a potion of cancellation.
Your magical effects are unravelling.
You feel magically purged.
The sentinel's mark upon you fades away.
You constrict the scorpion.
* * * LOW HITPOINT WARNING * * *
You feel very sick. The scorpion barely misses you. The scorpion stings you.
* * * LOW HITPOINT WARNING * * *
It was a potion of magic.
Magic courses through your body.
You constrict the scorpion, but do no damage.
You die...

#.###.#.##..#####
#.# #.#.##..# ...
....##..# ##
#.##..# #(##..#
#l##.l# #.....#
#.##.## #.s@.#
#.#### h..# #####


You could see a scorpion, a howler monkey (fleeing, very drained) and an iguana
(fleeing).

Vanquished Creatures
  Sigmund (D:2)
  6 hounds
  A jelly (D:4)
  Jessica (D:2)
  Natasha (thrice) (D:2)
  Ijyb (D:4)
  3 iguanas
  5 adders
  A river rat (D:3)
  A shadow imp (D:5)
  A white imp (D:5)
  2 worms (D:3)
  A dart slug (D:3)
  11 orcs
  9 ball pythons
  5 bats
  6 endoplasms
  8 giant cockroaches
  9 goblins
  6 hobgoblins
  10 jackals
  4 quokkas
  2 frilled lizards (D:2)
  7 kobolds
  10 rats
114 creatures vanquished.

Notes
Turn   | Place    | Note
-------+----------+-------------------------------------------
     0 | D:5      | croobank the Octopode Delver began the quest for the Orb.
     0 | D:5      | Reached XP level 1. HP: 16/16 MP: 1/1
    64 | D:5      | Noticed a phantom
    81 | D:5      | Reached XP level 2. HP: 18/21 MP: 2/2
   207 | D:2      | Noticed Jessica
   217 | D:2      | Killed Jessica
   218 | D:2      | Reached skill level 7 in Stealth
   218 | D:2      | Reached XP level 3. HP: 11/26 MP: 3/3
   398 | D:2      | Noticed Natasha
   404 | D:2      | Reached XP level 4. HP: 30/31 MP: 4/4
   406 | D:2      | Killed Natasha
   750 | D:1      | Reached XP level 5. HP: 36/37 MP: 5/5
  1295 | D:2      | Noticed Natasha
  1302 | D:2      | Killed Natasha
  1347 | D:2      | Noticed Sigmund
  1357 | D:2      | Killed Sigmund
  1358 | D:2      | Reached skill level 8 in Stealth
  1358 | D:2      | Reached skill level 1 in Spellcasting
  1358 | D:2      | Reached XP level 6. HP: 9/44 MP: 5/7
  1977 | D:2      | Noticed Natasha
  1984 | D:2      | Killed Natasha
  2319 | D:3      | Found a faded altar of an unknown god.
  2353 | D:3      | Prayed at the altar of an unknown god.
  2353 | D:3      | Became a worshipper of Sif Muna the Loreminder
  2353 | D:3      | Reached * piety under Sif Muna
  2749 | D:3      | Reached XP level 7. HP: 40/49 MP: 9/9
  3038 | D:4      | Noticed Ijyb
  3046 | D:4      | Killed Ijyb
  3055 | D:4      | Reached ** piety under Sif Muna
  3267 | D:4      | Reached skill level 1 in Air Magic
  3267 | D:4      | Reached skill level 1 in Invocations
  3476 | D:4      | Found a radiant altar of Vehumet.
  3778 | D:5      | Succumbed to a scorpion's poison

Illustrated notes

Levels and vault maps discovered:
D:1:      dpeg_arrival_central, layout_basic, minivault_26
D:2:      cheibrodos_helix_gallery, layout_basic, uniq_jessica, uniq_sigmund,
          uniq_natasha
D:3:      layout_rooms, ebering_ecumenical_altar_rust, gup_sewer_entry_spiral
D:4:      layout_loops_cross, mainiacjoe_overflow_alcove_2, serial_aquarium,
          aquarium_bridge_square [aquarium_subvault_wall,
          aquarium_subvault_bridge, aquarium_subvault_window,
          aquarium_subvault_wall], aquarium_bridge_square
          [aquarium_subvault_bridge, aquarium_subvault_balcony,
          aquarium_subvault_window, aquarium_subvault_bridge],
          aquarium_window_1, aquarium_window_corner, aquarium_window_fake,
          aquarium_view_2a, aquarium_balcony_5a, aquarium_pool_corner,
          serial_bayou_lagoon_a, kennysheep_small_circle, uniq_ijyb
D:5:      layout_loops_ring, temple_pool_b, kennysheep_potato
D:6:      layout_loops_corners, mainiacjoe_overflow_brackets,
          chequers_temple_overflow_statue_of_worship,
          nicolae_overflow_crystal_walls

Skill      XL: |  1  2  3  4  5  6  7 |
---------------+----------------------+-----
Stealth        | 7 8 |  8.6
Dodging        | 3 4 |  4.0
Axes           | 3 4 |  4.2
Fighting       | 4 |  4.8
Spellcasting   | 1 2 |  2.1
Air Magic      | 1 |  1.5
Invocations    | 1 |  1.8

Action                     |  1- 3 |  4- 6 |  7- 9 || total
---------------------------+-------+-------+-------++-------
  Melee: Hand axe          |    26 |   122 |     2 ||   150
         Constrict         |     5 |    31 |    10 ||    46
         Tentacles         |     4 |    30 |    12 ||    46
         Punch             |     1 |     1 |     1 ||     3
         Unarmed           |       |     6 |       ||     6
         Dagger            |       |       |    46 ||    46
   Fire: Sling             |       |     5 |       ||     5
  Evoke: Wand              |       |     3 |       ||     3
    Use: Scroll            |     1 |     3 |     1 ||     5
         Potion            |       |       |     2 ||     2
   Stab: Sleeping          |     3 |    24 |    12 ||    39
 Armour: Skin              |     3 |    12 |       ||    15
  Dodge: Dodged            |    19 |    91 |    23 ||   133
